 Dungeon Crawl Stone Soup version 0.31-a0-1370-gf52a5a9ab3 (webtiles) character file.

Game seed: 14808652128281513723

88 Fodor the Trooper (level 4, 0/41 HPs)
             Began as a Minotaur Fighter on Dec 22, 2023.
             Slain by a gnoll
             ... wielding a +0 halberd
              (8 damage)
             ... on level 3 of the Dungeon on Dec 24, 2023.
             The game lasted 00:09:37 (2175 turns).

Fodor the Trooper (Minotaur Fighter)                Turns: 2175, Time: 00:09:38

Health: 0/41       AC:  7    Str: 23    XL:     4   Next: 29%
Magic:  3/3        EV:  9    Int:  5    God:
Gold:   107        SH:  4    Dex:  9    Spells: 3/3 levels left

rFire   . . .        a - +0 war axe
rCold   . . .        c - +0 buckler
rNeg    . . .        b - +0 scale mail
rPois   .            (helmet restricted)
rElec   .            i - scarf {harm}
rCorr   .            (no gloves)
SInv    .            (no boots)
Will    .....        (no amulet) Stlth
                     (no ring)
HPRegen 0.26/turn    (no ring)
MPRegen 0.08/turn

%: harm (+30% outgoing, +20% incoming)
@: no status effects
A: horns 2, retaliatory headbutt
a: no special abilities


You were on level 3 of the Dungeon.
You visited 1 branch of the dungeon, and saw 3 of its levels.

You collected 107 gold pieces.

Inventory:

Hand Weapons
 a - a +0 war axe (weapon)
 o - a +0 shortbow
Armour
 b - a +0 scale mail (worn)
 c - a +0 buckler (worn)
 g - an orb of light
 i - a scarf of harm (worn)
Talismans
 n - a flux talisman
Scrolls
 f - 2 scrolls of immolation {unknown}
 h - a scroll of noise {unknown}
 j - a scroll of enchant weapon {unknown}
 k - a scroll of teleportation {unknown}
 l - a scroll of amnesia {unknown}
Potions
 d - a potion of might
 e - a potion of ambrosia {unknown}
 m - a potion of curing {unknown}
 p - a potion of enlightenment {unknown}
 q - a potion of brilliance {unknown}
 r - a potion of lignification {unknown}


   Skills:
 + Level 4.4 Fighting
 + Level 3.8 Axes
 + Level 4.4 Armour
 + Level 0.2 Stealth
 + Level 4.0 Shields


You had 3 spell levels left.
You didn't know any spells.
Your spell library contained the following spells:

 Spells                   Type           Power      Damage    Failure   Level
 Magic Dart               Conj           0%         1d3       83%         1
 Blink                    Tloc           0%         N/A       93%         2
 Call Imp                 Summ           0%         N/A       93%         2


Dungeon Overview and Level Annotations

Branches:
Dungeon (3/15)

Altars:
Vehumet
Zin

Shops:
D:2 [


Innate Abilities, Weirdness & Mutations

You have a pair of horns on your head.
You reflexively headbutt those who attack you in melee.


Message History

You kill the gnoll!
You have reached level 4!
You feel stronger.
A bat and a gnoll come into view.
Found a glowing silver altar of Zin.
The gnoll shouts!
You see here a +0 flail of holy wrath.
A hobgoblin and a gnoll come into view.
The hobgoblin shouts!
The gnoll shouts!
The bat hits you but does no damage. The bat barely misses you.
The hobgoblin barely misses you. The bat hits you.
The gnoll hits you but does no damage. You block the hobgoblin's attack.
The bat hits you but does no damage. The gnoll closely misses you.
Unknown command.
The gnoll hits you with a +0 club.
You hit the gnoll but do no damage. You headbutt the gnoll.
The gnoll is moderately wounded.
The gnoll hits you with a +0 club.
You slash the gnoll!
You kill the gnoll!
The gnoll barely misses you.
You hit the hobgoblin.
You kill the hobgoblin!
The gnoll barely misses you. The gnoll hits you with a +0 halberd.
Things that are here:
a +0 club; a gnoll corpse The gnoll hits you with a +0 halberd.
* * * LOW HITPOINT WARNING * * *
You closely miss the gnoll. The gnoll hits you but does no damage.
The gnoll barely misses you.
You hit the gnoll.
The gnoll is lightly wounded.
You block the gnoll's attack.
You closely miss the gnoll.
The gnoll is lightly wounded.
The gnoll hits you with a +0 halberd!
You die...

#####.# .... #
#.....# .....
## #.###.###
......###. #.#
#...
......'...
#.###.###
......###.
#.....# ......
#. ###.#..#
...... #.
#.##+###'# ...
## #.##@)...#
#+ #
#.##g###.#
#..#b....#
#..+.._..+
#.##.....#
#####.##.###.#
#......#)....#
#.###.##'###'#
#.#
#..).....#.#


You could see a gnoll and a bat.

Vanquished Creatures
  3 gnolls (D:3)
  An adder (D:2)
  A worm (D:2)
  2 dart slugs
  9 ball pythons
  7 endoplasms
  2 giant cockroaches (D:2)
  4 goblins
  3 hobgoblins
  4 quokkas
  A bat (D:1)
  A kobold (D:1)
  4 rats
42 creatures vanquished.

Notes
Turn   | Place    | Note
-------+----------+-------------------------------------------
     0 | D:1      | Fodor the Minotaur Fighter began the quest for the Orb.
     0 | D:1      | Reached XP level 1. HP: 19/19 MP: 0/0
   338 | D:1      | Reached XP level 2. HP: 23/27 MP: 1/1
   975 | D:2      | Reached XP level 3. HP: 33/33 MP: 2/2
  1303 | D:2      | Found Sioquem's Antique Armour Emporium.
  1328 | D:2      | Found a radiant altar of Vehumet.
  2070 | D:3      | Upgraded the game from 0.31-a0-1338-gb567cfdca4 to
                  | 0.31-a0-1370-gf52a5a9ab3
  2159 | D:3      | Reached XP level 4. HP: 30/40 MP: 3/3
  2159 | D:3      | Found a glowing silver altar of Zin.
  2175 | D:3      | Slain by a gnoll

Illustrated notes

Levels and vault maps discovered:
D:1:      heliophobic_arrival_henge, layout_basic
D:2:      layout_basic, serial_shops, shop, basic_altar
D:3:      layout_loops_corners, mainiacjoe_overflow_six_doors_small,
          nicolae_ecumenical_lake_church

Skill      XL: |  1  2 |
---------------+-------+-----
Shields        | 4 |  4.0
Armour         | 4 |  4.4
Fighting       | 4 |  4.4
Axes           | 3 |  3.8
Stealth        | |  0.2

Action                     |  1- 3 |  4- 6 || total
---------------------------+-------+-------++-------
  Melee: War axe           |    66 |     6 ||    72
         Headbutt          |     6 |     1 ||     7
 Armour: Scale mail        |    40 |    10 ||    50
  Dodge: Dodged            |    27 |     6 ||    33
  Block: Buckler           |    25 |     2 ||    27

Table legend: (Time is in decaauts)
 A = Elapsed time spent in this place.
 B = Non-inter-level travel time spent in this place.
 C = Inter-level travel time spent in this place.
 D = Time resting spent in this place.
 E = Time spent auto-exploring this place.
 F = Levels seen in this place.
 G = Mean time per level.
                   A        B        C        D        E       F      G
               +--------+--------+--------+--------+--------+-----+--------+
         Total |   2201 |   2142 |     59 |     53 |      0 |   3 |  733.7 |
       Dungeon |   2201 |   2142 |     59 |     53 |      0 |   3 |  733.7 |
               +--------+--------+--------+--------+--------+-----+--------+

Top non-repeatable levels by time:
     D:1: 841 daAuts
     D:2: 840 daAuts
     D:3: 519 daAuts
